 Dungeon Crawl Stone Soup version 0.17.1-1-g73c8601 (console) character file.

532 Kloppie the Skirmisher (level 7, -2/38 HPs)
             Began as a Vine Stalker Fighter on Dec 27, 2015.
             Was a Follower of Makhleb.
             Slain by Blork the orc
             ... wielding a +0 mace
              (6 damage)
             ... on level 5 of the Dungeon.
             The game lasted 00:06:03 (2535 turns).

Kloppie the Skirmisher (Vine Stalker Fighter)       Turns: 2535, Time: 00:06:03

Health: -2/38      AC: 10    Str: 29    XL:     7   Next: 24%
Magic:  0/8        EV: 10    Int:  8    God:    Makhleb [*.....]
Gold:   223        SH:  0    Dex: 16    Spells: 0 memorised, 6 levels left

rFire  . . .     SeeInvis +     a - +0 rapier
rCold  . . .     Clarity  .     b - +0 scale mail
rNeg   . . .     SustAt   .     (no shield)
rPois  .         Gourm    .     A - +1 helmet
rElec  .         Spirit   +     (no cloak)
rCorr  .         Warding  .     (no gloves)
rMut   .         Stasis   .     C - +0 pair of boots
MR     .....                    i - amulet of regeneration
Stlth  ..........               t - ring of see invisible
                                h - +6 ring of strength

@: mighty, lethally poisoned (-2 -> -3), not resistant to hostile enchantments,
extremely unstealthy
A: fangs 2, regeneration 2, magic shield, antimagic bite, no device heal 3, rot
immunity
a: Renounce Religion


You were on level 5 of the Dungeon.
You worshipped Makhleb.
Makhleb was aware of your devotion.
You were not hungry.

You visited 1 branch of the dungeon, and saw 6 of its levels.

You collected 223 gold pieces.

Inventory:

Hand Weapons
 a - a +0 rapier (weapon)
Armour
 b - a +0 scale mail (worn)
 c - a +0 shield
 A - a +1 helmet (worn)
 C - a +0 pair of boots (worn)
Jewellery
 h - a +6 ring of strength (left hand)
 i - an amulet of regeneration (around neck)
 j - an uncursed amulet of warding
 t - a ring of see invisible (right hand)
 u - an uncursed ring of protection from magic
Wands
 x - a wand of slowing (18)
Scrolls
 f - 6 scrolls of identify {unknown}
 g - a scroll of fear {unknown}
 k - a scroll of recharging {unknown}
 n - a scroll of immolation {unknown}
 p - 2 scrolls of magic mapping {unknown}
 s - 3 scrolls of teleportation {unknown}
 w - a scroll of amnesia {unknown}
 y - a scroll of enchant armour {unknown}
 z - a scroll of random uselessness {unknown}
 B - a scroll of remove curse {unknown}
Potions
 o - 2 potions of brilliance {unknown}
 r - a potion of haste {unknown}
 D - a potion of degeneration {unknown}
 E - 2 potions of cure mutation {unknown}
Books
 m - a book of Fire

   Spells                             Type                      Level
   a - Ignite Poison                  Fire/Transmutation/Poison    3
   b - Fireball                       Conjuration/Fire             5
   c - Bolt of Fire                   Conjuration/Fire             6
   d - Delayed Fireball               Conjuration/Fire             7
   e - Ring of Flames                 Charms/Fire                  7
Comestibles
 e - 4 bread rations
 l - 2 beef jerkies
 q - 3 fruits
 v - a meat ration


   Skills:
 + Level 4.5 Fighting
 + Level 4.3 Short Blades
 + Level 4.3 Armour
 - Level 2.6 Shields


You had 6 spell levels left.
You didn't know any spells.

Dungeon Overview and Level Annotations

Branches:
Dungeon (6/15)
 Temple: D:4-7

Altars:
Ashenzari
Cheibriados
Makhleb
Nemelex Xobeh
Okawaru

Annotations:
D:4 Kloppie's ghost, amateur VSFi
D:5 Andry07's ghost, novice VSFi; Blork the orc


Innate Abilities, Weirdness & Mutations

You have extremely sharp teeth.
You heal very quickly.
When hurt, damage is shared between your health and your magic reserves.
Your bite disrupts and absorbs the magic of your enemies.
Potions and wands cannot restore your health.
You are immune to rotting.


Message History

The hound zombie bites you but does no damage.
The water moccasin bites you.
* * * LOW HITPOINT WARNING * * *
You are more poisoned.
The water moccasin poisons you! Blork the orc hits you with a mace.
* * * LOW HITPOINT WARNING * * *
The iguana barely misses you.
The hound zombie bites you but does no damage.
You feel sick.
Blork the orc screams, "You are the ugliest creature I've ever seen!"
The iguana bites you but does no damage.
The water moccasin bites you but does no damage.
Things that are here:
a short sword; a leather armour; an orc corpse Drink which item? (? for menu, Esc to quit)
You feel very mighty all of a sudden.
You feel sick.
The water moccasin bites you but does no damage.
Blork the orc hits you with a mace!
You die... ##### #.o@# #lSl#

#..Z.#
##...#
#....#
##.....
#.⌠%...
#.......
...##.#


You could see Blork the orc, a water moccasin, an iguana, a hound zombie and a
giant newt.

Vanquished Creatures
  Sigmund (D:5)
  A giant frog zombie (D:5)
  2 hounds
  A centaur skeleton (D:4)
  Ijyb (D:3)
  2 orc wizards (D:5)
  3 worker ants (D:4)
  3 adders
  An ooze (D:1)
  2 worms
  4 giant geckos
  8 orcs
  3 bats
  3 giant cockroaches
  6 goblins
  6 hobgoblins
  11 jackals
  6 kobolds
  A quokka (D:3)
  10 rats
75 creatures vanquished.

Notes
Turn   | Place    | Note
--------------------------------------------------------------
     0 | D:1      | Kloppie the Vine Stalker Fighter began the quest for the Orb.
     0 | D:1      | Reached XP level 1. HP: 11/11 MP: 2/2
    58 | D:1      | Found a snail-covered altar of Cheibriados.
   196 | D:1      | Reached XP level 2. HP: 16/16 MP: 3/3
   339 | D:1      | Reached XP level 3. HP: 16/19 MP: 4/4
   343 | D:1      | Reached skill level 3 in Fighting
   743 | D:2      | Found an iron altar of Okawaru.
   754 | D:2      | Found a shattered altar of Ashenzari.
  1004 | D:3      | Reached XP level 4. HP: 14/24 MP: 3/5
  1007 | D:3      | Found a burning altar of Makhleb.
  1072 | D:3      | Became a worshipper of Makhleb the Destroyer
  1387 | D:3      | Noticed Ijyb
  1414 | D:3      | Killed Ijyb
  1414 | D:3      | Reached XP level 5. HP: 26/28 MP: 6/6
  1757 | D:4      | Reached * piety under Makhleb
  1813 | D:4      | Reached skill level 4 in Fighting
  1813 | D:4      | Gained mutation: You heal very quickly. [Vine Stalker growth]
  1813 | D:4      | Reached XP level 6. HP: 25/33 MP: 5/7
  2204 | D:4      | Found a sparkling altar of Nemelex Xobeh.
  2215 | D:4      | Noticed Kloppie's ghost (amateur VSFi)
  2225 | D:5      | Entered Level 5 of the Dungeon
  2262 | D:5      | Noticed Sigmund
  2300 | D:5      | Killed Sigmund
  2300 | D:5      | Reached XP level 7. HP: 36/38 MP: 8/8
  2444 | D:5      | Noticed Andry07's ghost (novice VSFi)
  2521 | D:5      | Noticed Blork the orc
  2535 | D:5      | Slain by Blork the orc

Action                   |  1- 3 |  4- 6 |  7- 9 || total
-------------------------+-------+-------+-------++-------
Melee: Rapier            |    99 |   173 |    34 ||   306
  Use: Potion            |       |       |     1 ||     1
  Eat: Chunk             |       |     5 |     1 ||     6
